 Dungeon Crawl Stone Soup version 0.31-a0-1570-g93c622d222 (webtiles) character file.

Game seed: 18136824460776274096

69 grandjackal the Ducker (level 4, -1/29 HPs)
             Began as a Tengu Monk on Jan 3, 2024.
             Slain by a sleepcap (5 damage)
             ... on level 3 of the Dungeon.
             The game lasted 00:01:33 (1664 turns).

grandjackal the Ducker (Tengu Monk)                 Turns: 1664, Time: 00:01:33

Health: -1/29      AC:  3    Str: 14    XL:     4   Next: 20%
Magic:  5/5        EV: 14    Int: 10    God:
Gold:   117        SH:  0    Dex: 16    Spells: 3/3 levels left

rFire   . . .        e - +1 whip (elec)
rCold   . . .        d - orb {light}
rNeg    . . .        b - +0 robe
rPois   .            (helmet restricted)
rElec   .            (no cloak)
rCorr   .            j - +0 pair of gloves
SInv    .            (boots unavailable)
Will    .....        (no amulet)
Stlth   +            (no ring)
HPRegen 0.24/turn    (no ring)
MPRegen 0.09/turn

%: acrobat
@: glowing
A: beak, talons 3, acrobatic
a: no special abilities


You were on level 3 of the Dungeon.
You visited 1 branch of the dungeon, and saw 3 of its levels.

You collected 117 gold pieces.

Inventory:

Hand Weapons
 a - a +0 hand axe
 e - a +1 whip of electrocution (weapon)
Armour
 b - a +0 robe (worn)
 d - an orb of light (worn)
 j - a +0 pair of gloves (worn)
Scrolls
 h - a scroll of teleportation {unknown}
 k - a scroll of silence {unknown}
 m - a scroll of butterflies {unknown}
 n - a scroll of acquirement {unknown}
 o - a scroll of poison {unknown}
Potions
 c - a potion of ambrosia
 f - 2 potions of lignification {unknown}
 g - a potion of resistance {unknown}
 i - 2 potions of degeneration {unknown}
 l - a potion of heal wounds {unknown}
 p - 3 potions of brilliance {unknown}


   Skills:
 + Level 3.7 Fighting
 + Level 4.0 Axes
 + Level 4.1 Dodging


You had 3 spell levels left.
You didn't know any spells.
Your spell library contained the following spells:

 Spells                   Type           Power      Damage    Failure   Level
 Mephitic Cloud           Conj/Alch/Air  0%         N/A       75%         3
 Airstrike                Air            0%         2d(0-16)  98%         4
 Petrify                  Alch/Erth      0%         N/A       98%         4
 Chain Lightning          Conj/Air       0%         N/A       100%        9


Dungeon Overview and Level Annotations

Branches:
Dungeon (3/15)

Altars:

Shops:
D:1 ?


Innate Abilities, Weirdness & Mutations

You have a beak for a mouth.
You have claws for feet.
You can magically evade attacks while moving or waiting.


Message History

No target in view!
No target in view!
The orc completely misses you.
You hit the orc. Lightning courses through the orc!
You kill the orc!
No target in view!
No target in view!
p - 3 silvery potions (gained 1)
A sleepcap comes into view.
A sleepcap is nearby!
The sleepcap barely misses you.
You hit the sleepcap but do no damage. You peck the sleepcap.
The sleepcap is lightly damaged.
The sleepcap barely misses you.
You hit the sleepcap. Lightning courses through the sleepcap!
You claw the sleepcap.
You peck the sleepcap, but do no damage.
The sleepcap is severely damaged.
The sleepcap misses you.
You hit the sleepcap but do no damage.
The sleepcap is severely damaged.
The sleepcap releases spores at you.
You completely miss the sleepcap.
The sleepcap is severely damaged.
The sleepcap releases spores at you.
You are engulfed in a cloud of soporific spores!
You fall asleep.
The sleepcap releases spores at you!!
You wake up.
Ouch! That really hurt!
* * * LOW HITPOINT WARNING * * *
You are engulfed in a cloud of soporific spores!
You are unaffected.
You are too injured to fight recklessly!
You are too injured to fight recklessly!
Unknown command.
You are too injured to fight recklessly!
You hit the sleepcap. You claw the sleepcap.
The sleepcap is almost destroyed.
The sleepcap releases spores at you.
You die...

#...
#.#.......#####...
#... #.#.......#
#...
#...###.#.......#
#.................
#.......#####..##
#.......## ...
#........# ...
###.......##....
#.......@.......
#.....###f##....
#..$.. .... ...
###... .......
#... ....... #...
...#### ###. ...#
...#


You could see a sleepcap.

Vanquished Creatures
  An adder (D:2)
  2 dart slugs (D:2)
  A ribbon worm (D:2)
  2 orcs
  10 ball pythons
  5 endoplasms
  2 giant cockroaches (D:1)
  5 goblins
  A hobgoblin (D:2)
  3 quokkas (D:1)
  5 bats
  4 frilled lizards
  7 kobolds
  4 rats
52 creatures vanquished.

Notes
Turn   | Place    | Note
-------+----------+-------------------------------------------
     0 | D:1      | grandjackal the Tengu Monk began the quest for the Orb.
     0 | D:1      | Reached XP level 1. HP: 14/14 MP: 2/2
   155 | D:1      | Reached XP level 2. HP: 17/19 MP: 3/3
   315 | D:1      | Found The Oracle's Delphic Readings.
   614 | D:1      | Reached XP level 3. HP: 23/23 MP: 4/4
   830 | D:2      | Got the Exposition on Glowing Haze
  1113 | D:2      | Reached XP level 4. HP: 24/29 MP: 5/5
  1664 | D:3      | Slain by a sleepcap

Illustrated notes

Levels and vault maps discovered:
D:1:      kennysheep_arrival_forest, layout_rooms, serial_forest,
          infiniplex_forest_clump_tiny, infiniplex_forest_straight_2,
          infiniplex_forest_clump_tiny, infiniplex_forest_straight_3,
          infiniplex_forest_lined_room_, infiniplex_forest_lined_room_,
          infiniplex_forest_3_way, infiniplex_forest_clump_curved,
          nicolae_nh_oracle_at_delphi
D:2:      minmay_thinvault, layout_loops_ring, kennysheep_minor_cross
D:3:      layout_basic

Skill      XL: |  1  2  3 |
---------------+----------+-----
Dodging        | 4 |  4.1
Axes           | 4 |  4.0
Fighting       | |  3.7

Action                     |  1- 3 |  4- 6 || total
---------------------------+-------+-------++-------
  Melee: Whip              |    65 |    18 ||    83
         Kick              |    18 |     4 ||    22
         Hand axe          |     3 |       ||     3
         Peck              |     5 |     4 ||     9
 Armour: Robe              |    18 |     5 ||    23
  Dodge: Dodged            |    46 |    17 ||    63

Table legend: (Time is in decaauts)
 A = Elapsed time spent in this place.
 B = Non-inter-level travel time spent in this place.
 C = Inter-level travel time spent in this place.
 D = Time resting spent in this place.
 E = Time spent auto-exploring this place.
 F = Levels seen in this place.
 G = Mean time per level.
                   A        B        C        D        E       F      G
               +--------+--------+--------+--------+--------+-----+--------+
         Total |   1663 |   1580 |     83 |      0 |   1330 |   3 |  554.3 |
       Dungeon |   1663 |   1580 |     83 |      0 |   1330 |   3 |  554.3 |
               +--------+--------+--------+--------+--------+-----+--------+

Top non-repeatable levels by time:
     D:2: 942 daAuts
     D:1: 680 daAuts
     D:3: 39 daAuts
